 Dungeon Sprint DCSS version 0.26-a0-665-gefeb406119 (webtiles) character file.

Game seed: 10200496935765151895

24360 mhtbhm the Metallomancer (level 13, -11/63 HPs)
             Began as a Gargoyle Earth Elementalist on Oct 13, 2020.
             Was the Champion of Vehumet.
             Killed from afar by a crystal guardian (19 damage)
             ... with a crystal bolt
             ... in the Dungeon (Sprint III: "The Ten Rune Challenge").
             The game lasted 00:14:24 (5225 turns).

mhtbhm the Metallomancer (GrEE)                     Turns: 5225, Time: 00:14:25

Health: -11/63     AC: 17    Str: 16    XL:     13   Next: 12%
Magic:  19/36      EV: 14    Int: 20    God:    Vehumet [******]
Gold:   2147       SH:  0    Dex: 12    Spells: 25/51 levels left

rFire    + . .     SeeInvis .   e - +3 dagger (venom)
rCold    . . .     Faith    .   (no shield)
rNeg     + . .     Spirit   .   c - +0 robe
rPois    ∞         Reflect  .   (no helmet)
rElec    +         Harm     .   (no cloak)
rCorr    .         Rampage  .   (no gloves)
MR       .....     NoTele   +   (no boots)
Stlth    ++++......             (no amulet)
HPRegen  0.20/turn              h - ring "Ystid" {rF+ AC+4 Str+3 Stlth+}
MPRegen  0.25/turn              (no ring)

@: no status effects
A: icy blue scales 1, thin skeletal structure 1, negative energy resistance 1,
electricity resistance, unbreathing, petrification resistance, rot immunity, AC
+9
a: Renounce Religion


You were in the Dungeon.
You worshipped Vehumet.
Vehumet was exalted by your worship.
You visited 1 branch You collected 2915 gold pieces.
You spent 768 gold pieces at shops.

Inventory:

Hand Weapons
 e - a +3 dagger of venom (weapon)
Missiles
 p - 6 curare-tipped darts (quivered)
Armour
 c - a +0 robe (worn)
Jewellery
 h - the ring "Ystid" (left hand) {rF+ AC+4 Str+3 Stlth+}
   (You bought it in a shop in the Dungeon)

   [ring of protection]

   It affects your AC (+4).
   It affects your strength (+3).
   It protects you from fire.
   It makes you more stealthy.
Wands
 s - a wand of iceblast (10)
Scrolls
 a - a scroll of magic mapping {unknown}
 i - a scroll of blinking
 k - a scroll of holy word {unknown}
 l - 11 scrolls of identify
 m - 3 scrolls of remove curse
 q - a scroll of immolation {unknown}
Potions
 d - a potion of curing
 f - a potion of haste
 g - 2 potions of magic
 j - a potion of mutation
 n - 2 potions of might
 o - a potion of flight
Miscellaneous
 t - a tin of tremorstones (3/3)


   Skills:
 + Level 4.8 Dodging
 - Level 2.8 Stealth
 - Level 0.2 Unarmed Combat
 + Level 19.5 Spellcasting
 + Level 3.1 Conjurations
 + Level 3.4 Transmutations
 + Level 0.8 Fire Magic
 + Level 25.0 Earth Magic
 + Level 3.1 Evocations


You had 25 spell levels left.
You knew the following spells:

 Your Spells              Type           Power        Failure   Level
a - Sandblast             Erth           ######       0%          1
b - Passwall              Tmut/Erth      ######..     0%          2
c - Stone Arrow           Conj/Erth      ######       1%          3
d - Lee's Rapid Deconstr  Erth           #######...   0%          5
e - Petrify               Tmut/Erth      ######..     1%          4
f - Iron Shot             Conj/Erth      ######....   1%          6
g - Bolt of Magma         Conj/Fire/Erth ######....   1%          5

Your spell library contained the following spells:

 Spells                   Type           Power        Failure   Level
 Animate Skeleton         Necr           ###...       2%          1
 Apportation              Tloc           ###...       2%          1
 Corona                   Hex            ###....      2%          1
 Summon Small Mammal      Summ           ###.         2%          1


Dungeon Overview and Level Annotations

Branches:
Dungeon (1/1)

Altars:
Cheibriados
Dithmenos
Elyvilon
Fedhas
Gozag
Hepliaklqana
Kikubaaqudgha
Makhleb
Nemelex Xobeh
Okawaru
Qazlal
Ru
Sif Muna
Trog
Uskayaw
Vehumet
Wu Jian
Xom
Yredelemnul
Zin
The Shining One
Beogh
Jiyva
Lugonu

Shops:
D =

Annotations:
D exclusion: obsidian statue


Innate Abilities, Weirdness & Mutations

You are resistant to torment.
Your stone body is resilient. (AC +9)
You are immune to poison.
You resist negative energy. (rN+)
You are resistant to electric shocks. (rElec)
You can survive without breathing.
You are immune to petrification.
You are immune to rotting.
You are partially covered in icy blue scales. (AC +2)
You have a somewhat thin skeletal structure. (Dex +2, Stealth)


Message History

The crystal bolt burns you! You resist.
* * * LOW HITPOINT WARNING * * *
Unknown command.
Unknown command.
Casting: Lee's Rapid Deconstruction (safe; 0% risk of failure)
Confirm with . or Enter, or press ? or * to list all spells.
Aiming: Lee's Rapid Deconstruction (safe; 0% risk of failure)
Press: ? - help, Dir - move target cursor, f/p - crystal guardian Fragment what (e.g. wall or brittle monster)?: a crystal guardian (almost destroyed)
The crystal guardian shatters!!
You blow up the crystal guardian!
Vehumet accepts your kill.
You feel your power returning.
Your tin of tremorstones (3/3) has regained one charge.
Your Earth Magic skill increases to level 25!
The blast of crystal shards hits the crystal guardian but does no damage.
The crystal guardian is heavily damaged.
The crystal guardian fires a crystalline bolt at you.
The crystal bolt freezes you!!
You die...

#.# ##8# #.#
###§§§#
#.#+#.....#
#.#§§§§..§#
#.#§§.§§.§###++###
#.§§§§§.§.#.⌠..⌠.#
#########.#......#
#8#.#........#
........@.....#
..............#
+##############


You could see a crystal guardian.

Vanquished Creatures
  A deep elf blademaster (D)
  Harold (D)
  2 deep elf demonologists (D)
  2 deep elf annihilators (D)
  A deep elf death mage (D)
  Erolcha (D)
  2 hydras (D)
  Urug (D)
  5 orc high priests (D)
  2 deep elf knights (D)
  A death drake (D)
  A skeletal warrior (D)
  A lindwurm (D)
  Joseph (D)
  4 deep elf magi (D)
  3 crystal guardians (D)
  2 cane toads (D)
  A rime drake (D)
  A komodo dragon (D)
  3 wandering mushrooms (D)
  A queen bee (D)
  2 tyrant leeches (D)
  5 redbacks (D)
  A shadow (D)
  A spatial vortex (D)
  A floating eye (D)
  A swamp drake (D)
  A necrophage (D)
  An orc warrior (D)
  5 two-headed ogres (D)
  A water elemental (D)
  32 killer bees (D)
  An electric eel (D)
  4 orc priests (D)
  A wizard (D)
  A jelly (D)
  A necromancer (D)
  3 humans (D)
  A kobold demonologist (D)
  2 oozes (D)
  A phantom (D)
  12 orcs (D)
  2 rats (D)
117 creatures vanquished.

Vanquished Creatures (others)
  8 plants (D)
8 creatures vanquished.

Grand Total: 125 creatures vanquished

Notes
Turn   | Place    | Note
-------+----------+-------------------------------------------
     0 | D        | mhtbhm the Gargoyle Earth Elementalist began the quest for
                  | the Orb.
     0 | D        | Reached XP level 1. HP: 10/10 MP: 3/3
     9 | D        | Reached skill level 4 in Earth Magic
   102 | D        | Reached skill level 5 in Earth Magic
   102 | D        | Reached XP level 2. HP: 15/15 MP: 2/5
   107 | D        | Learned a level 2 spell: Passwall
   188 | D        | Gained mutation: You can translocate small distances at
                  | will. [potion of mutation]
   188 | D        | Gained mutation: Your magical capacity is low. (-10% MP)
                  | [potion of mutation]
   188 | D        | Gained mutation: You are dopey. (Int -2) [potion of
                  | mutation]
   188 | D        | Gained mutation: You are partially covered in icy blue
                  | scales. (AC +2) [potion of mutation]
   189 | D        | Lost mutation: Your magical capacity is low. (-10% MP)
                  | [potion of mutation]
   189 | D        | Lost mutation: You are dopey. (Int -2) [potion of mutation]
   189 | D        | Lost mutation: You can translocate small distances at will.
                  | [potion of mutation]
   189 | D        | Gained mutation: You have a somewhat thin skeletal
                  | structure. (Dex +2, Stealth) [potion of mutation]
   225 | D        | HP: 1/22 [human (4)]
   228 | D        | Reached skill level 6 in Earth Magic
   228 | D        | Reached XP level 3. HP: 2/19 MP: 0/7
   507 | D        | Learned a level 3 spell: Stone Arrow
   664 | D        | Noticed a water elemental
   669 | D        | Killed a water elemental
   669 | D        | Reached skill level 1 in Transmutations
   669 | D        | Reached skill level 8 in Earth Magic
   669 | D        | Reached XP level 4. HP: 7/24 MP: 2/10
   880 | D        | Found a radiant altar of Vehumet.
   880 | D        | Found a shimmering blue altar of Sif Muna.
   880 | D        | Found an ancient bone altar of Kikubaaqudgha.
   880 | D        | Noticed a wizard
   881 | D        | Killed a wizard
   881 | D        | Reached skill level 5 in Spellcasting
   881 | D        | Reached skill level 9 in Earth Magic
   881 | D        | Reached XP level 5. HP: 28/28 MP: 9/12
   894 | D        | Became a worshipper of Vehumet
   945 | D        | Learned a level 5 spell: Lee's Rapid Deconstruction
   950 | D        | Learned a level 4 spell: Petrify
   959 | D        | Found a glowing silver altar of Zin.
   959 | D        | Found a glowing golden altar of the Shining One.
   959 | D        | Found a white marble altar of Elyvilon.
   959 | D        | Noticed a deep elf mage
   962 | D        | Killed a deep elf mage
   962 | D        | Reached skill level 13 in Earth Magic
   962 | D        | Reached XP level 6. HP: 25/32 MP: 2/18
   962 | D        | Reached XP level 7. HP: 28/36 MP: 2/19
  1097 | D        | Found a hide-covered altar of Uskayaw.
  1097 | D        | Found a roughly hewn altar of Beogh.
  1097 | D        | Found an iron altar of Okawaru.
  1097 | D        | Found a bloodstained altar of Trog.
  1097 | D        | Found an ornate altar of the Wu Jian Council.
  1097 | D        | Noticed a human
  1097 | D        | Noticed a human
  1100 | D        | Killed a human
  1101 | D        | Killed a human
  1101 | D        | Reached * piety under Vehumet
  1101 | D        | Offered knowledge of Foxfire by Vehumet.
  1101 | D        | Reached skill level 10 in Spellcasting
  1101 | D        | Reached skill level 14 in Earth Magic
  1101 | D        | Reached XP level 8. HP: 41/41 MP: 4/22
  1202 | D        | Found a basalt altar of Yredelemnul.
  1202 | D        | Found a shadowy altar of Dithmenos.
  1202 | D        | Found a sacrificial altar of Ru.
  1252 | D        | Noticed a shadow
  1256 | D        | Killed a shadow
  1256 | D        | Reached ** piety under Vehumet
  1256 | D        | Offered knowledge of Magic Dart by Vehumet.
  1319 | D        | Found a blossoming altar of Fedhas.
  1319 | D        | Found a stormy altar of Qazlal.
  1319 | D        | Found a snail-covered altar of Cheibriados.
  1319 | D        | Found a burning altar of Makhleb.
  1319 | D        | Found a shimmering altar of Xom.
  1320 | D        | Found a hazy altar of Hepliaklqana.
  1320 | D        | Found an opulent altar of Gozag.
  1320 | D        | Found a sparkling altar of Nemelex Xobeh.
  1320 | D        | Found a corrupted altar of Lugonu.
  1320 | D        | Found a viscous altar of Jiyva.
  1323 | D        | HP: 2/41 [spatial vortex (23)]
  1324 | D        | Reached skill level 15 in Earth Magic
  1631 | D        | Offered knowledge of Conjure Flame by Vehumet.
  1632 | D        | Reached *** piety under Vehumet
  1749 | D        | Noticed Erolcha
  1750 | D        | Noticed a two-headed ogre
  1751 | D        | Killed a redback
  1752 | D        | Killed Erolcha
  1752 | D        | Reached skill level 1 in Conjurations
  1752 | D        | Reached skill level 17 in Earth Magic
  1752 | D        | Reached XP level 9. HP: 45/45 MP: 12/25
  1753 | D        | Killed a two-headed ogre
  1753 | D        | Reached **** piety under Vehumet
  1755 | D        | Noticed a two-headed ogre
  1758 | D        | Killed a two-headed ogre
  1971 | D        | Noticed a wandering mushroom
  1976 | D        | Noticed a wandering mushroom
  1980 | D        | Killed a wandering mushroom
  1980 | D        | Offered knowledge of Olgreb's Toxic Radiance by Vehumet.
  1980 | D        | Reached skill level 18 in Earth Magic
  1981 | D        | Noticed a wandering mushroom
  1986 | D        | Killed a wandering mushroom
  1986 | D        | Reached XP level 10. HP: 50/50 MP: 12/27
  2104 | D        | Reached ***** piety under Vehumet
  2104 | D        | Reached ****** piety under Vehumet
  2106 | D        | Reached skill level 19 in Earth Magic
  2294 | D        | Found Yni Inif's Jewellery Shoppe.
  2296 | D        | Noticed an orc high priest
  2301 | D        | Offered knowledge of Airstrike by Vehumet.
  2304 | D        | Killed an orc high priest
  2304 | D        | Reached skill level 15 in Spellcasting
  2513 | D        | Bought the ring "Ystid" {rF+ AC+4 Str+3 Stlth+} for 768
                  | gold pieces
  2525 | D        | Noticed a deep elf knight
  2525 | D        | Noticed a deep elf mage
  2525 | D        | Noticed a deep elf mage
  2525 | D        | Noticed a deep elf mage
  2525 | D        | Noticed a deep elf knight
  2535 | D        | Killed a deep elf knight
  2535 | D        | Offered knowledge of Lightning Bolt by Vehumet.
  2535 | D        | Reached skill level 20 in Earth Magic
  2535 | D        | Reached skill level 1 in Evocations
  2535 | D        | Reached XP level 11. HP: 54/54 MP: 23/30
  2536 | D        | Killed a deep elf knight
  2537 | D        | Killed a deep elf mage
  2538 | D        | Killed a deep elf mage
  2538 | D        | Killed a deep elf mage
  2605 | D        | Noticed a deep elf annihilator
  2612 | D        | Noticed a deep elf blademaster
  2616 | D        | Killed a deep elf annihilator
  2616 | D        | Reached skill level 21 in Earth Magic
  2619 | D        | Noticed a deep elf demonologist
  2619 | D        | Identified the ring "Lonuust" {Wiz *Slow rF+ Int+2 Dex+4}
  2619 | D        | Noticed a deep elf annihilator
  2619 | D        | Identified the ring of False Pretenses {MP+9 Str+7}
  2619 | D        | Noticed a deep elf demonologist
  2689 | D        | Noticed a deep elf death mage
  2692 | D        | Noticed an Executioner
  2693 | D        | Killed a deep elf death mage
  2694 | D        | Killed a deep elf demonologist
  2694 | D        | Offered knowledge of Iron Shot by Vehumet.
  2695 | D        | Killed a deep elf demonologist
  2695 | D        | Reached skill level 22 in Earth Magic
  2699 | D        | Noticed a deep elf high priest
  2700 | D        | Killed a deep elf blademaster
  2700 | D        | Reached XP level 12. HP: 59/59 MP: 14/33
  2894 | D        | Killed a deep elf annihilator
  2894 | D        | Reached skill level 23 in Earth Magic
  3351 | D        | Noticed Harold
  3351 | D        | Noticed Joseph
  3356 | D        | Killed Harold
  3363 | D        | Killed Joseph
  3490 | D        | Learned a level 6 spell: Iron Shot
  3809 | D        | Offered knowledge of Yara's Violent Unravelling by Vehumet.
  4040 | D        | Reached skill level 24 in Earth Magic
  4141 | D        | Noticed Urug
  4151 | D        | Killed Urug
  4151 | D        | Offered knowledge of Bolt of Magma by Vehumet.
  4161 | D        | Learned a level 5 spell: Bolt of Magma
  4252 | D        | Noticed a six-headed hydra
  4252 | D        | Noticed a six-headed hydra
  4271 | D        | Killed a six-headed hydra
  4277 | D        | Killed a six-headed hydra
  4648 | D        | Noticed a soul eater
  4658 | D        | Reached XP level 13. HP: 40/63 MP: 2/36
  4793 | D        | Noticed a yaktaur captain
  4903 | D        | HP: 2/63 [soul eater/drain life[an obsidian statue] (8)]
  4916 | D        | HP: 4/94 [soul eater[an obsidian statue] (13)]
  5225 | D        | Reached skill level 25 in Earth Magic
  5225 | D        | Killed from afar by a crystal guardian

Illustrated notes

Levels and vault maps discovered:
D:        dungeon_sprint_mu [sprint_mu_entry_cave, sprint_mu_temple_rooms,
          sprint_mu_d1_spiders, sprint_mu_d2_genie, sprint_mu_d3_branching,
          sprint_mu_orc_legion, sprint_mu_elf_gauntlet, sprint_mu_hive_nellie,
          sprint_mu_lair_fedhas, sprint_mu_vaults_butterflies,
          sprint_mu_slime_circle, sprint_mu_swamp_cave, sprint_mu_snake_twists,
          sprint_mu_blade_basic, sprint_mu_crypt_lich, sprint_mu_tomb_spiral,
          sprint_mu_vestibule_basic, sprint_mu_gehenna_hellfire,
          sprint_mu_dis_giant, sprint_mu_tartarus_statrot,
          sprint_mu_cocytus_islands, sprint_mu_zot1]

Skill      XL: |  1  2  3  4  5  6  7  8  9 10 11 12 13 |
---------------+----------------------------------------+-----
Earth Magic    | 5 6 8 9 13 14 17 18 20 22 24 25 | 25.0
Dodging        | 2 3 4 |  4.8
Spellcasting   | 3 4 5 9 10 12 13 15 17 19 | 19.5
Transmutations | 1 2 3 |  3.4
Conjurations   | 1 2 3 |  3.1
Evocations     | 1 2 3 |  3.1
Stealth        | |  2.8
Unarmed Combat | |  0.2
Fire Magic     | |  0.8

Action                   |  1- 3 |  4- 6 |  7- 9 | 10-12 | 13-15 || total
-------------------------+-------+-------+-------+-------+-------++-------
Melee: Unarmed           |    12 |       |       |       |       ||    12
       Dagger            |       |       |       |     4 |     8 ||    12
 Cast: Sandblast         |    18 |     5 |     3 |     3 |     1 ||    30
       Passwall          |     1 |       |       |     2 |       ||     3
       Stone Arrow       |     1 |       |     5 |     6 |     1 ||    13
       Lee's Rapid Decon |       |     2 |    19 |    81 |    15 ||   117
       Bolt of Magma     |       |       |       |     5 |       ||     5
       Iron Shot         |       |       |       |     5 |       ||     5
       Petrify           |       |       |       |     4 |       ||     4
Evoke: Tin of tremorston |       |       |       |    14 |     1 ||    15
       Wand              |       |       |       |     1 |       ||     1
  Use: Potion            |     4 |       |       |     2 |     3 ||     9
       Scroll            |       |       |       |     3 |       ||     3
 Stab: Sleeping          |       |       |       |       |     1 ||     1
Armor: Robe              |     4 |       |       |    10 |     4 ||    18
Dodge: Dodged            |     4 |       |     2 |    20 |     9 ||    35

Table legend: (Time is in decaauts)
 A = Elapsed time spent in this place.
 B = Non-inter-level travel time spent in this place.
 C = Inter-level travel time spent in this place.
 D = Time resting spent in this place.
 E = Time spent auto-exploring this place.
 F = Levels seen in this place.
 G = Mean time per level.
                   A        B        C        D        E       F      G
               +--------+--------+--------+--------+--------+-----+--------+
         Total |   5264 |   5264 |      0 |   4070 |     12 |   1 | 5264.0 |
       Dungeon |   5264 |   5264 |      0 |   4070 |     12 |   1 | 5264.0 |
               +--------+--------+--------+--------+--------+-----+--------+

Top non-repeatable levels by time:
       D: 5264 daAuts
